 Dungeon Crawl Stone Soup version 0.29-a0-362-g5854e031c7 (webtiles) character file.

Game seed: 774832561136628588

0 ytrimaz the Sneak (level 1, 0/16 HPs)
             Began as an Octopode Delver on Apr 29, 2022.
             Slain by an orc
             ... wielding a +0 dagger
              (3 damage)
             ... on level 5 of the Dungeon.
             The game lasted 00:00:19 (35 turns).

ytrimaz the Sneak (Octopode Delver)                   Turns: 35, Time: 00:00:20

Health: 0/16       AC:  1    Str: 11    XL:     1   Next: 0%
Magic:  1/1        EV: 13    Int: 12    God:
Gold:   0          SH:  0    Dex: 13    Spells: 0/0 levels left

rFire   . . .      SeeInvis .     - Unarmed
rCold   . . .      Faith    .   (no shield)
rNeg    . . .      Spirit   .   (helmet restricted)
rPois   .          Reflect  .   (no amulet)
rElec   .          Harm     .   f - ring of resist corrosion
rCorr   +          Rampage  .   (no ring)
Will    .....                   (no ring)
Stlth   ++++......              (no ring)
HPRegen 0.05/turn               (no ring)
MPRegen 0.07/turn               (no ring)
                                (no ring)
                                (no ring)

@: no status effects
A: almost no armour, amphibious, 8 rings, camouflage 1, gelatinous body 1,
(nimble swimmer 1), tentacles
a: no special abilities


You were on level 5 of the Dungeon.
You visited 1 branch of the dungeon, and saw 1 of its levels.

Inventory:

Jewellery
 f - a ring of resist corrosion (left tentacle)
Wands
 e - a wand of digging (3)
Scrolls
 a - a scroll of fog
 b - a scroll of magic mapping
 c - a scroll of fear
Potions
 d - a potion of haste
 g - a potion of magic {unknown}


   Skills:
 + Level 3.0 Fighting
 + Level 2.0 Dodging
 + Level 6.6 Stealth
 + Level 2.0 Unarmed Combat


You couldn't memorise any spells.
You didn't know any spells.
Your spell library was empty.

Dungeon Overview and Level Annotations

Branches:
Dungeon (5/15)
 Temple: D:4-7

Altars:

Annotations:
D:5 2 transporters, spaghetti's ghost, weakling VSDe


Innate Abilities, Weirdness & Mutations

You cannot wear most types of armour.
You are amphibious.
You can wear up to eight rings at the same time.
Your skin changes colour to match your surroundings (Stealth+).
Your rubbery body absorbs attacks. (AC +1, EV +1)
((You are camouflaged when in or above water. (Stealth+)))
You have tentacles for arms and can constrict up to eight enemies at once.


Message History

Welcome, ytrimaz the Octopode Delver.
You feel drawn to the Orb of Zot, downwards into the unfathomable depths...
Press ? for a list of commands and other information.
Found a dagger, a shiny glass ring and a fuming inky potion.
Found a stone staircase leading down.
Found a transporter.
Spaghetti's ghost turns its malevolent gaze towards you.
You hear a shout!
You hear a bark!
Unknown command.
Found a viscous white potion.
f - a ring of resist corrosion
There are no items here.
f - a ring of resist corrosion (left tentacle)
g - a viscous white potion
Found a transporter.
An orc comes into view. It is wielding a +0 dagger.
The orc shouts!
You hear a shout! x2
An orc comes into view. It is wielding a +0 hand axe.
An orc comes into view. It is wielding a +0 trident.
Unknown command.
The orc hits you with a +0 dagger. The orc attacks as you move away!
The orc hits you with a +0 dagger.
The yak bellows!
The water moccasin hisses angrily.
You hear a bark!
The orc attacks as you move away! The orc hits you with a +0 dagger.
Found 35 gold pieces.
You tentacle-slap the orc but do no damage.
Your grab misses the orc.
You tentacle-slap the orc, but do no damage.
The orc barely misses you. The orc hits you with a +0 dagger.
* * * LOW HITPOINT WARNING * * *
You barely miss the orc. You grab the orc. You squeeze the orc.
You kill the orc!
The orc hits you with a +0 dagger.
You die...

#.......©. #...######
#..##8.$$. #..#......
#..#...... #..#...... .....
#..#5...©....#..# ........#
#..#S........#..# ........#
#.@#Yh.......#..# ........#
#o)#W.....!..#..#
........###..##8.....8##..#
..........o...#########...#
..................©.......#
.........................>#
...............#......)..##
...............#.........#
...............#.........#


You could see a yak, a water moccasin, a hound, spaghetti's ghost, 2 orcs and an
ufetubus.

Vanquished Creatures
  An orc (D:5)
1 creature vanquished.

Notes
Turn   | Place    | Note
-------+----------+-------------------------------------------
     0 | D:5      | ytrimaz the Octopode Delver began the quest for the Orb.
     0 | D:5      | Reached XP level 1. HP: 16/16 MP: 1/1
     0 | D:5      | Noticed a water moccasin
     0 | D:5      | Noticed spaghetti's ghost (weakling VSDe)
     4 | D:5      | Noticed a hound
    12 | D:5      | Found a transporter.
    13 | D:5      | Noticed a yak
    35 | D:5      | Slain by an orc

Illustrated notes

Levels and vault maps discovered:
D:5:      lemuel_castle_with_subvaults [lemuel_castle_interior_carwin_1],
          layout_basic, gammafunk_ghost_arena, uniq_blork_the_orc

Action                   || total
-------------------------++-------
Melee: Unarmed           ||     2
       Constrict         ||     1
       Punch             ||     1
       Tentacles         ||     1
Dodge: Dodged            ||     1

Table legend: (Time is in decaauts)
 A = Elapsed time spent in this place.
 B = Non-inter-level travel time spent in this place.
 C = Inter-level travel time spent in this place.
 D = Time resting spent in this place.
 E = Time spent auto-exploring this place.
 F = Levels seen in this place.
 G = Mean time per level.
                   A        B        C        D        E       F      G
               +--------+--------+--------+--------+--------+-----+--------+
         Total |     34 |     34 |      0 |      0 |      0 |   1 |   34.0 |
       Dungeon |     34 |     34 |      0 |      0 |      0 |   1 |   34.0 |
               +--------+--------+--------+--------+--------+-----+--------+

Top non-repeatable levels by time:
     D:5: 34 daAuts
